[Event "ICC tourney 2416 (40 10)"]
[Site "Internet Chess Club"]
[Date "2021.02.28"]
[Round "1"]
[White "BOGIN, THEODORE:tbogin1"]
[Black "HEBBAR, ESHAAN:solveur"]
[Result "0-1"]
[ICCResult "White checkmated"]
[WhiteElo "1813"]
[BlackElo "1560"]
[Opening "Giuoco Piano"]
[ECO "C50"]
[NIC "IG.02"]
[Time "11:01:53"]
[PlyCount "64"]
[TimeControl "2400+10"]

1. e4 e5 2. Nf3 Nc6 3. Bc4 Bc5 4. O-O Nf6 5. d4 Bxd4 6. Nxd4 Nxd4 7. f4 Nc6
8. f5 h6 9. Nc3 d6 10. Be3 O-O 11. g4 Nh7 12. Kh1 Ne7 13. f6 Nxf6 14. Rxf6
gxf6 15. Bxh6 Ng6 16. Bxf8 Nxf8 17. Qg1 Be6 18. Bd3 Ng6 19. Rf1 Nf4 20. h4
Kf8 21. Ne2 Nxe2 22. Bxe2 f5 23. g5 f4 24. Bg4 Ke7 25. Bxe6 fxe6 26. g6 Qh8
27. Qg5+ Kd7 28. g7 Qh7 29. Rg1 Qxe4+ 30. Kh2 Rg8 31. h5 f3 32. Qg6 Qh4# {
White checkmated } 0-1

[Event "ICC tourney 2416 (40 10)"]
[Site "Internet Chess Club"]
[Date "2021.02.28"]
[Round "1"]
[White "JONES, RICHARD S:weakfish"]
[Black "Kannan, Aadhi M:niftyfountain"]
[Result "1/2-1/2"]
[ICCResult "Game drawn by mutual agreement"]
[WhiteElo "1567"]
[BlackElo "1330"]
[Opening "Sicilian"]
[ECO "B56"]
[NIC "SI.25"]
[Time "11:01:43"]
[PlyCount "91"]
[TimeControl "2400+10"]

1. e4 c5 2. Nf3 d6 3. d4 cxd4 4. Nxd4 Nf6 5. Nc3 Nc6 6. Bb5 Bd7 7. O-O g6
8. Re1 Bg7 9. Nb3 O-O 10. Bg5 a6 11. Bc4 Rc8 12. Bd3 Ne5 13. Bxf6 Bxf6 14.
Nd5 Bg7 15. Bf1 Nc6 16. c3 b5 17. Kh1 Ne5 18. f4 Nc4 19. Rb1 Nb6 20. Qf3
Re8 21. Rbd1 Bc6 22. Nxb6 Qxb6 23. Rd2 b4 24. cxb4 Qxb4 25. Qd3 Bb5 26. Qe3
Bxf1 27. Rxf1 a5 28. Nd4 Bxd4 29. Qxd4 Qxd4 30. Rxd4 Rc2 31. Ra4 Rxb2 32.
Rxa5 Rb4 33. Re1 Reb8 34. h3 Rb1 35. Rxb1 Rxb1+ 36. Kh2 Kg7 37. a4 Ra1 38.
Ra7 Kf6 39. a5 Ra4 40. e5+ dxe5 41. fxe5+ Ke6 42. a6 Ra5 43. Ra8 Rxe5 44.
a7 Ra5 45. Kg3 Kd7 46. Kf4 { Game drawn by mutual agreement } 1/2-1/2

[Event "ICC tourney 2416 (40 10)"]
[Site "Internet Chess Club"]
[Date "2021.02.28"]
[Round "1"]
[White "ZHOU, ZIQI:zappower"]
[Black "GILLSTON, NOAH:Noahchess328"]
[Result "1/2-1/2"]
[ICCResult "Game drawn by the 50 move rule"]
[WhiteElo "1429"]
[BlackElo "1615"]
[Opening "French: Tarrasch, closed variation"]
[ECO "C05"]
[NIC "FR.17"]
[Time "11:01:26"]
[PlyCount "218"]
[TimeControl "2400+10"]

1. e4 e6 2. d4 d5 3. Nd2 Nf6 4. e5 Nfd7 5. Bd3 c5 6. c3 Nc6 7. Ne2 Be7 8.
O-O O-O 9. Nf3 b6 10. Bf4 Bb7 11. Rc1 Rc8 12. Qd2 f6 13. exf6 Bxf6 14. Bg5
e5 15. Bxf6 Qxf6 16. dxe5 Ndxe5 17. Nxe5 Nxe5 18. Bc2 d4 19. f3 d3 20. Bxd3
Rcd8 21. Bxh7+ Kxh7 22. Qc2+ Qg6 23. Qxg6+ Nxg6 24. Rcd1 Ba6 25. Rfe1 Rxd1
26. Rxd1 Bxe2 27. Re1 Re8 28. Kf2 Bb5 29. Rxe8 Bxe8 30. Ke3 Bc6 31. b4 cxb4
32. cxb4 Ne7 33. Kd4 Kg6 34. Ke5 Kf7 35. Kd6 Bb5 36. Kc7 Nc6 37. a3 Ke6 38.
g3 Kd5 39. h4 Kd4 40. g4 Ke3 41. h5 Kxf3 42. g5 Kg4 43. h6 gxh6 44. gxh6
Ne5 45. h7 Nf7 46. Kb7 Bd3 47. Kxa7 b5 48. Kb6 Kh5 49. Ka5 Kh6 50. h8=Q+
Nxh8 51. a4 bxa4 52. Kxa4 Kg6 53. Ka5 Kf6 54. Kb6 Ke6 55. b5 Kd6 56. Ka5
Kc7 57. Kb4 Kb6 58. Kc3 Bxb5 59. Kd4 Kc6 60. Ke5 Nf7+ 61. Kf6 Bc4 62. Kf5
Kd5 63. Kf6 Nd6 64. Ke7 Ke5 65. Kd7 Bb5+ 66. Kc7 Kd5 67. Kb6 Kc4 68. Kc7
Kc5 69. Kd8 Nf5 70. Kc7 Ba6 71. Kd7 Kd5 72. Ke8 Ke6 73. Kf8 Kf6 74. Kg8 Nd4
75. Kh8 Bd3 76. Kg8 Bg6 77. Kh8 Nc6 78. Kg8 Nb8 79. Kh8 Na6 80. Kg8 Nb4 81.
Kh8 Nc6 82. Kg8 Ne5 83. Kh8 Bf5 84. Kg8 Nd7 85. Kh8 Kg6 86. Kg8 Ne5 87. Kh8
Kf6 88. Kg8 Bg6 89. Kh8 Bf5 90. Kg8 Kg6 91. Kh8 Kh6 92. Kg8 Kg6 93. Kh8 Nd7
94. Kg8 Nf6+ 95. Kh8 Nd7 96. Kg8 Be4 97. Kh8 Kf6 98. Kg8 Ke6 99. Kh8 Nf8
100. Kg7 Ng6 101. Kh7 Kf7 102. Kh6 Kg8 103. Kg5 Kg7 104. Kg4 Kh6 105. Kg3
Kg5 106. Kf2 Kf4 107. Ke1 Ke3 108. Kd1 Ne5 109. Kc1 Nc4 { Game drawn by the
50 move rule } 1/2-1/2

[Event "ICC tourney 2416 (40 10)"]
[Site "Internet Chess Club"]
[Date "2021.02.28"]
[Round "1"]
[White "Kashyap, Mahati B:mnm1"]
[Black "GAUDEAU, ALAIN D H:attalone"]
[Result "1-0"]
[ICCResult "Black resigns"]
[WhiteElo "1501"]
[BlackElo "1650"]
[Opening "French: Tarrasch, closed variation"]
[ECO "C05"]
[NIC "FR.16"]
[Time "11:02:04"]
[PlyCount "71"]
[TimeControl "2400+10"]

1. e4 e6 2. d4 d5 3. Nd2 Nf6 4. e5 Nfd7 5. f4 c5 6. c3 Nc6 7. Ndf3 cxd4 8.
cxd4 Be7 9. Bd3 Qb6 10. Ne2 Nb4 11. O-O Nxd3 12. Qxd3 Nb8 13. Kh1 Nc6 14.
Bd2 Bd7 15. b3 Rc8 16. Rac1 Ba3 17. Rc2 O-O 18. Ng5 g6 19. Qh3 h5 20. Ng3
Be7 21. Qh4 Bxg5 22. Qxg5 Qd8 23. Qh6 Nxd4 24. Rcc1 Nf5 25. Nxf5 exf5 26.
Rf3 Rxc1+ 27. Bxc1 Qc7 28. Ba3 Rc8 29. h3 Be6 30. Rg3 a5 31. Rxg6+ fxg6 32.
Qxg6+ Qg7 33. Qxe6+ Kh7 34. Qxc8 b5 35. Qxf5+ Kh6 36. Bf8 { Black resigns }
1-0

[Event "ICC tourney 2416 (40 10)"]
[Site "Internet Chess Club"]
[Date "2021.02.28"]
[Round "1"]
[White "LIAO, CAITLIN:che8642"]
[Black "Rodriguez, Eduardo A:EduardoNASA"]
[Result "0-1"]
[ICCResult "White checkmated"]
[WhiteElo "1548"]
[BlackElo "1807"]
[Opening "Queen's pawn game"]
[ECO "A45"]
[NIC "QP.07"]
[Time "11:01:39"]
[PlyCount "86"]
[TimeControl "2400+10"]

1. d4 Nf6 2. Nc3 g6 3. Bg5 Bg7 4. e4 d6 5. Qd2 c6 6. Be2 b5 7. a3 Nbd7 8.
f4 Nb6 9. b3 h6 10. Bh4 a5 11. Bd3 Qc7 12. Nf3 Bg4 13. h3 Bxf3 14. gxf3 e5
15. fxe5 dxe5 16. d5 b4 17. axb4 axb4 18. Rxa8+ Nxa8 19. Na4 O-O 20. Bxf6
Bxf6 21. Qxh6 cxd5 22. exd5 e4 23. Rg1 exd3 24. cxd3 Re8+ 25. Kd1 Qe5 26.
Qd2 Qa1+ 27. Qc1 Qd4 28. Rg4 Qxd3+ 29. Qd2 Qb1+ 30. Qc1 Re1+ 31. Kxe1 Qxc1+
32. Kf2 Qc2+ 33. Ke1 Qxb3 34. Nc5 Qc3+ 35. Kd1 Qxc5 36. Kd2 b3 37. Re4 b2
38. Re1 Qc3+ 39. Ke2 Qxe1+ 40. Kxe1 b1=Q+ 41. Kd2 Qb4+ 42. Kc2 Qc3+ 43. Kb1
Qb2# { White checkmated } 0-1

[Event "ICC tourney 2416 (40 10)"]
[Site "Internet Chess Club"]
[Date "2021.02.28"]
[Round "1"]
[White "WU, JONATHAN ZUANXU:wulovechess"]
[Black "RAMASWAMY, PUDUR:clair"]
[Result "0-1"]
[ICCResult "White checkmated"]
[WhiteElo "1542"]
[BlackElo "1723"]
[Opening "Robatsch (modern) defense"]
[ECO "B06"]
[NIC "KF.05"]
[Time "11:01:39"]
[PlyCount "106"]
[TimeControl "2400+10"]

1. e4 g6 2. d4 Bg7 3. Nf3 e6 4. Nc3 Ne7 5. Bc4 d5 6. exd5 exd5 7. Be2 O-O
8. O-O Nbc6 9. Be3 Nf5 10. Qd2 Re8 11. Bd3 Nxe3 12. fxe3 Nb4 13. Be2 Bg4
14. Ne5 Bf5 15. Bd3 Nxd3 16. Nxd3 c6 17. Qf2 Qg5 18. Nf4 Re7 19. Rae1 Rae8
20. b4 Bxd4 21. exd4 Rxe1 22. Rxe1 Rxe1+ 23. Qxe1 Qxf4 24. Qe8+ Kg7 25. Ne2
Qd2 26. Qe5+ Kf8 27. Qb8+ Kg7 28. Qe5+ Kh6 29. Ng3 Bxc2 30. Qe7 Qxd4+ 31.
Kf1 Bd3+ 32. Ne2 Bxe2+ 33. Kxe2 Qe4+ 34. Qxe4 dxe4 35. Ke3 f5 36. h3 Kg5
37. g3 b6 38. b5 cxb5 39. a3 a5 40. Kd2 b4 41. axb4 axb4 42. h4+ Kg4 43.
Kc2 Kxg3 44. h5 gxh5 45. Kd2 h4 46. Ke3 Kg2 47. Kf4 h3 48. Ke5 h2 49. Kd4
h1=Q 50. Ke5 b3 51. Kd4 b2 52. Ke3 b1=Q 53. Ke2 Qhe1# { White checkmated }
0-1

[Event "ICC tourney 2416 (40 10)"]
[Site "Internet Chess Club"]
[Date "2021.02.28"]
[Round "1"]
[White "SULTAN, BASHIR CISSE:muzikmixer"]
[Black "SAXENA, VIHAAN:vihaan2011"]
[Result "1-0"]
[ICCResult "Black resigns"]
[WhiteElo "1579"]
[BlackElo "1334"]
[Opening "English opening"]
[ECO "A20"]
[NIC "EO.24"]
[Time "11:01:55"]
[PlyCount "103"]
[TimeControl "2400+10"]

1. c4 e5 2. g3 Nf6 3. Bg2 c6 4. Nf3 d6 5. Nc3 Be7 6. O-O O-O 7. d4 exd4 8.
Qxd4 c5 9. Qd2 Nc6 10. b3 Bf5 11. Ne1 Rb8 12. Bb2 a6 13. Nc2 Bxc2 14. Qxc2
Nd4 15. Qd3 Nd7 16. Nd5 Ne5 17. Qe4 f5 18. Nxe7+ Qxe7 19. Qd5+ Qe6 20. Bxd4
Qxd5 21. Bxd5+ Kh8 22. Bxe5 dxe5 23. Rfd1 g6 24. a4 a5 25. Rd2 Rf6 26. Rad1
Rb6 27. Rd3 e4 28. Rc3 Rd8 29. e3 Kg7 30. h4 h5 31. Kf1 Kf6 32. Ke2 Rd7 33.
Rb1 Rb4 34. Rcc1 Rg7 35. Kd2 Ke5 36. Kc3 Rb6 37. Rf1 g5 38. hxg5 Rxg5 39.
Rh1 Kd6 40. Rh4 Ke7 41. Rbh1 Rh6 42. Bxb7 Kd6 43. Rd1+ Kc7 44. Bd5 Rg4 45.
Rxg4 hxg4 46. Bf7 Rh2 47. Rd2 Rh6 48. Be8 Rd6 49. Rxd6 Kxd6 50. Bg6 Ke6 51.
b4 axb4+ 52. Kb3 { Black resigns } 1-0

[Event "ICC tourney 2416 (40 10)"]
[Site "Internet Chess Club"]
[Date "2021.02.28"]
[Round "1"]
[White "LEWIS, FRANKLIN PHILLIP:Frankiechess11"]
[Black "PEYTON, NATHAN MAX:ToughTurtle"]
[Result "1-0"]
[ICCResult "Black resigns"]
[WhiteElo "1712"]
[BlackElo "1506"]
[Opening "Petrov: Nimzovich attack"]
[ECO "C42"]
[NIC "RG.03"]
[Time "11:01:31"]
[PlyCount "135"]
[TimeControl "2400+10"]

1. e4 e5 2. Nf3 Nf6 3. Nxe5 d6 4. Nf3 Nxe4 5. Nc3 Nf6 6. Bc4 d5 7. Bb3 c6
8. d4 Bd6 9. O-O O-O 10. Bg5 Bg4 11. h3 Bh5 12. Re1 h6 13. Bh4 Nbd7 14. g4
Bg6 15. Ne5 Bh7 16. Qf3 g5 17. Bg3 Bxe5 18. Bxe5 Ne4 19. Nxe4 dxe4 20. Qg3
Nxe5 21. dxe5 Re8 22. Rad1 Qc7 23. f3 Rxe5 24. fxe4 Rae8 25. Rf1 R5e7 26.
Qxc7 Rxc7 27. Rf6 Kg7 28. Rdf1 Bg6 29. Bc4 Rxe4 30. Bd3 Ree7 31. Bxg6 fxg6
32. R6f2 Rf7 33. Rd2 Rxf1+ 34. Kxf1 Rf7+ 35. Kg2 Kf6 36. Rd6+ Kg7 37. Re6
Rd7 38. Kf3 Kf7 39. Re2 Rd6 40. Ke3 Re6+ 41. Kd3 Rxe2 42. Kxe2 Ke6 43. Ke3
Ke5 44. c4 c5 45. a3 b6 46. b4 cxb4 47. axb4 a5 48. c5 bxc5 49. bxa5 Kd6
50. Kd3 Kc6 51. Kc4 h5 52. a6 Kb6 53. a7 Kxa7 54. Kxc5 Kb7 55. Kd6 Kb6 56.
Ke6 Kc6 57. Kf6 Kd6 58. Kxg6 hxg4 59. hxg4 Ke6 60. Kxg5 Kf7 61. Kh6 Kg8 62.
Kg6 Kh8 63. g5 Kg8 64. Kh6 Kh8 65. g6 Kg8 66. g7 Kf7 67. Kh7 Kf6 68. g8=Q {
Black resigns } 1-0

[Event "ICC tourney 2416 (40 10)"]
[Site "Internet Chess Club"]
[Date "2021.02.28"]
[Round "1"]
[White "BRAHMANAPALLY, SARVAGNYA:bsarvagnya"]
[Black "ZOU, KEVIN GAOMING:lmperfectFocus"]
[Result "0-1"]
[ICCResult "White checkmated"]
[WhiteElo "1357"]
[BlackElo "1582"]
[Opening "Evans gambit"]
[ECO "C52"]
[NIC "IG.05"]
[Time "11:02:21"]
[PlyCount "46"]
[TimeControl "2400+10"]

1. e4 e5 2. Nf3 Nc6 3. Bc4 Bc5 4. b4 Bxb4 5. c3 Ba5 6. d4 exd4 7. Qb3 Qe7
8. O-O d3 9. Bxd3 Nf6 10. Re1 O-O 11. e5 Ng4 12. Ba3 d6 13. exd6 Qd7 14.
dxc7 Qxd3 15. Bxf8 Be6 16. Qxb7 Rxf8 17. Qxc6 Bb6 18. Nd4 Bxd4 19. cxd4
Qxd4 20. Nc3 Nxf2 21. Kf1 Bc4+ 22. Ne2 Ng4 23. c8=Q Qf2# { White checkmated
} 0-1

[Event "ICC tourney 2416 (40 10)"]
[Site "Internet Chess Club"]
[Date "2021.02.28"]
[Round "1"]
[White "Xia, Joshua:MathMonkey"]
[Black "KONG, MILO JAMES:therealkingkong"]
[Result "0-1"]
[ICCResult "White checkmated"]
[WhiteElo "1332"]
[BlackElo "1570"]
[Opening "French defense"]
[ECO "C01"]
[NIC "FR.01"]
[Time "11:01:37"]
[PlyCount "126"]
[TimeControl "2400+10"]

1. e4 e6 2. d4 b6 3. Nc3 Bb7 4. Nf3 Bb4 5. d5 exd5 6. exd5 Nf6 7. Bg5 d6 8.
Qd2 h6 9. Qe3+ Qe7 10. Bxf6 Qxe3+ 11. fxe3 gxf6 12. O-O-O Bxc3 13. bxc3 Nd7
14. e4 O-O-O 15. Bd3 Ne5 16. Nxe5 fxe5 17. Rhf1 Rdf8 18. Rf6 Kd7 19. Rdf1
Ke7 20. g4 Bc8 21. Be2 Rh7 22. Kd2 Rg8 23. h3 Rg6 24. R6f2 f6 25. Kd3 a5
26. Kc4 Ba6+ 27. Kb3 Bxe2 28. Rxe2 h5 29. Rg2 hxg4 30. hxg4 Rh3 31. Re1 Rf3
32. Kc4 Kd7 33. Ree2 Rf4 34. Kd3 Rgxg4 35. Rxg4 Rxg4 36. Rf2 Ke7 37. Rf3
Rg1 38. Kc4 Ra1 39. Kb3 Re1 40. Rh3 Rxe4 41. Rh7+ Kd8 42. Rh8+ Kd7 43. Rh7+
Kc8 44. Rf7 Rf4 45. Rf8+ Kb7 46. c4 Rf3+ 47. c3 f5 48. c5 bxc5 49. Ka4 f4
50. c4 Rc3 51. Kb5 Ra3 52. Rf5 f3 53. Rf8 e4 54. Rf4 e3 55. Rxf3 e2 56.
Rxa3 e1=Q 57. Rb3 Qe8+ 58. Kxa5+ Kc8 59. Rb5 Kd7 60. Ka4 Qe2 61. a3 Qxc4+
62. Ka5 Qxd5 63. a4 Qa8# { White checkmated } 0-1

[Event "ICC tourney 2416 (40 10)"]
[Site "Internet Chess Club"]
[Date "2021.02.28"]
[Round "1"]
[White "XU, ANDY YUEDUO:sillytiger"]
[Black "KURBANOV, ABROR:Abror"]
[Result "0-1"]
[ICCResult "White resigns"]
[WhiteElo "1463"]
[BlackElo "1635"]
[Opening "English: symmetrical, main line with d3"]
[ECO "A38"]
[NIC "EO.27"]
[Time "11:01:33"]
[PlyCount "72"]
[TimeControl "2400+10"]

1. c4 c5 2. Nc3 Nc6 3. g3 g6 4. Bg2 Bg7 5. Nf3 Nf6 6. O-O O-O 7. d3 d6 8.
Rb1 Bd7 9. b3 Rb8 10. Bb2 Qc8 11. Ng5 h6 12. Nge4 Bh3 13. Nxf6+ Bxf6 14.
Nd5 Bxb2 15. Rxb2 Bxg2 16. Kxg2 e6 17. Nf6+ Kg7 18. Ng4 d5 19. Qc1 g5 20.
h4 f6 21. hxg5 hxg5 22. Rh1 d4 23. f4 f5 24. Nf2 g4 25. Rh4 Rh8 26. Qh1 Qd7
27. Rb1 Ne7 28. Qh2 Ng6 29. Rh5 Qc6+ 30. Kg1 Rxh5 31. Qxh5 Rh8 32. Qg5 Rh3
33. Nxh3 gxh3 34. Kf1 Qh1+ 35. Kf2 Qxb1 36. Qh5 Qh1 { White resigns } 0-1

[Event "ICC tourney 2416 (40 10)"]
[Site "Internet Chess Club"]
[Date "2021.02.28"]
[Round "1"]
[White "THOMAS, MICHAEL G:chesslin"]
[Black "Kashyap, Manish B:mnm2"]
[Result "0-1"]
[ICCResult "White resigns"]
[WhiteElo "1788"]
[BlackElo "1545"]
[Opening "Queen's pawn: London system"]
[ECO "A45"]
[NIC "QP.07"]
[Time "11:01:46"]
[PlyCount "136"]
[TimeControl "2400+10"]

1. d4 Nf6 2. Bf4 e6 3. e3 d5 4. Nd2 c5 5. c3 Nc6 6. Ngf3 Bd6 7. Bg3 O-O 8.
Bd3 h6 9. Ne5 Bxe5 10. dxe5 Nd7 11. Qh5 Qb6 12. Rb1 f5 13. Nf3 Qc7 14. O-O
Ncxe5 15. Nxe5 Nxe5 16. Be2 Kh7 17. Bf4 Rg8 18. h4 Bd7 19. Bd1 Be8 20. Qe2
g5 21. hxg5 hxg5 22. Bg3 Qg7 23. b4 f4 24. Bc2+ Kh8 25. Bh2 Qh6 26. exf4
Nc4 27. f5 exf5 28. Be5+ Kh7 29. bxc5 b6 30. Bd4 Qg6 31. Rfe1 Bf7 32. Qf3
g4 33. Qf4 Qg5 34. Bxf5+ Kh6 35. Qh2+ Qh5 36. Re7 Qxh2+ 37. Kxh2 Bg6 38.
Re6 Kg5 39. Bxg6 Rxg6 40. Rxg6+ Kxg6 41. Kg3 Kf5 42. a4 bxc5 43. Bxc5 Nd2
44. Rb5 a6 45. Rb4 Ne4+ 46. Rxe4 dxe4 47. a5 Rc8 48. Bd4 Rc4 49. Kh4 Ra4
50. Bb6 Ra2 51. Kg3 Ra3 52. Kh2 Rxc3 53. g3 Ke5 54. Kg1 Kd5 55. Kf1 Rc2 56.
Ke1 Kc4 57. Kd1 Kd3 58. Be3 Ra2 59. Kc1 Rxa5 60. Kb2 Rb5+ 61. Ka3 Kc3 62.
Ka4 Kc4 63. Ba7 Rb2 64. Ka5 Ra2+ 65. Kb6 Rxf2 66. Kxa6 Ra2+ 67. Kb7 Rxa7+
68. Kxa7 e3 { White resigns } 0-1

[Event "ICC tourney 2416 (40 10)"]
[Site "Internet Chess Club"]
[Date "2021.02.28"]
[Round "1"]
[White "SASSON, IVRY:IvSa"]
[Black "LIAO, CONNOR:che2468"]
[Result "1-0"]
[ICCResult "Black checkmated"]
[WhiteElo "1649"]
[BlackElo "1465"]
[Opening "Sicilian: Sozin, not Scheveningen"]
[ECO "B57"]
[NIC "SI.25"]
[Time "11:01:30"]
[PlyCount "67"]
[TimeControl "2400+10"]

1. e4 c5 2. Nf3 d6 3. d4 cxd4 4. Nxd4 Nf6 5. Nc3 Nc6 6. Bc4 Bd7 7. f3 a6 8.
a4 e6 9. Be3 Be7 10. O-O O-O 11. Qd2 Ne5 12. Bb3 Rc8 13. Rfd1 Nc4 14. Bxc4
Rxc4 15. Nb3 Rc6 16. Nd4 Rc8 17. Nb3 Bc6 18. a5 d5 19. e5 Nd7 20. Bd4 Bb4
21. Qe3 Bxc3 22. Bxc3 Bb5 23. Bb4 Re8 24. Rac1 Qc7 25. Bd6 Qc4 26. Rd4 Qc6
27. Rg4 h5 28. Rg3 Kh7 29. Rh3 g6 30. Qf4 Qc4 31. Qxf7+ Kh6 32. Rg3 Rg8 33.
Be7 Qe2 34. Bg5# { Black checkmated } 1-0

[Event "ICC tourney 2416 (40 10)"]
[Site "Internet Chess Club"]
[Date "2021.02.28"]
[Round "1"]
[White "TIONG, RACHAEL:rachael1120"]
[Black "MISRA, PRAGYAN:SoaringHawk24"]
[Result "1-0"]
[ICCResult "Black checkmated"]
[WhiteElo "1634"]
[BlackElo "1441"]
[Opening "French: Schlechter variation"]
[ECO "C01"]
[NIC "FR.01"]
[Time "11:01:30"]
[PlyCount "129"]
[TimeControl "2400+10"]

1. e4 e6 2. d4 d5 3. Bd3 dxe4 4. Bxe4 Nf6 5. Bf3 Bd7 6. Bxb7 Bc6 7. Bxa8
Bxa8 8. Nf3 Be7 9. Be3 O-O 10. O-O Nbd7 11. c4 Nb6 12. b3 Bb4 13. a3 Be7
14. Nc3 Bb7 15. Qe2 Qa8 16. Rfd1 h6 17. Ne1 Rd8 18. f3 c6 19. Nc2 Ba6 20.
Qf2 Nc8 21. Ne4 Nxe4 22. fxe4 Nd6 23. Qf3 Rb8 24. Rab1 Bb7 25. c5 Ne8 26.
Rf1 f6 27. Qg4 Kf7 28. Qh5+ g6 29. Qxh6 Ng7 30. Qf4 Ba6 31. Rf2 Nh5 32. Qf3
Rh8 33. Nb4 Bb7 34. Rbf1 a5 35. Nd3 Ba6 36. Bg5 Kg7 37. g4 Rf8 38. Bd2 Nf4
39. Bxf4 g5 40. Bd2 Qb8 41. Rb1 Rh8 42. e5 Qd8 43. Bc3 Bxd3 44. exf6+ Bxf6
45. Qxd3 e5 46. Rd1 Qc8 47. Qg3 e4 48. Rxf6 Kxf6 49. d5+ Kg6 50. Qd6+ Kf7
51. Rf1+ Ke8 52. Bxh8 Qxg4+ 53. Kh1 Qf3+ 54. Rxf3 exf3 55. Bf6 Kf7 56. Qe7+
Kg6 57. d6 f2 58. Kg2 f1=Q+ 59. Kxf1 a4 60. d7 axb3 61. d8=Q b2 62. Qg8+
Kf5 63. Qe5+ Kg4 64. Qgxg5+ Kh3 65. Qeg3# { Black checkmated } 1-0

[Event "ICC tourney 2416 (40 10)"]
[Site "Internet Chess Club"]
[Date "2021.02.28"]
[Round "1"]
[White "MOERLIEN, PUWIT SKY:SuperBlueSky"]
[Black "RAJU, YAKSHWAG REDDY:Yakshwag"]
[Result "0-1"]
[ICCResult "White resigns"]
[WhiteElo "1585"]
[BlackElo "1382"]
[Opening "King's Indian: orthodox, Aronin-Taimanov, 9.Ne1"]
[ECO "E98"]
[NIC "KI.03"]
[Time "11:01:31"]
[PlyCount "158"]
[TimeControl "2400+10"]

1. d4 Nf6 2. c4 g6 3. Nc3 Bg7 4. e4 d6 5. Nf3 O-O 6. Be2 e5 7. O-O Nc6 8.
d5 Ne7 9. Ne1 Nd7 10. Be3 f5 11. f3 f4 12. Bf2 g5 13. Nd3 h5 14. Rc1 Nf6
15. h3 Kh7 16. c5 a6 17. cxd6 cxd6 18. Na4 Rg8 19. Nb6 Rb8 20. Nxc8 Rxc8
21. Qb3 Qd7 22. Rxc8 Rxc8 23. Bb6 g4 24. fxg4 hxg4 25. Nf2 f3 26. gxf3 gxh3
27. Ng4 Ng6 28. Be3 Nh5 29. Kf2 Rf8 30. Rg1 Qe7 31. Ke1 Ngf4 32. Bf1 Ng2+
33. Bxg2 hxg2 34. Rxg2 Qh4+ 35. Bf2 Qh1+ 36. Rg1 Qxf3 37. Qxf3 Rxf3 38. Ke2
Rf4 39. Ke3 Bh6 40. Nxh6 Kxh6 41. Bg3 Rg4 42. Bh2 Rh4 43. Rg2 Rh3+ 44. Kd2
Nf6 45. Re2 Nxe4+ 46. Rxe4 Rxh2+ 47. Kc3 Kg5 48. Rc4 Rh1 49. Kd2 Rh4 50.
Rc7 Rd4+ 51. Ke2 Rxd5 52. Rxb7 Rb5 53. Rd7 Rxb2+ 54. Kd3 Rxa2 55. Rxd6 Kf5
56. Ke3 Ra3+ 57. Ke2 a5 58. Rd8 Ke4 59. Rh8 Ra2+ 60. Kd1 Kd4 61. Rd8+ Ke3
62. Rh8 e4 63. Rh3+ Kd4 64. Rg3 e3 65. Rg8 a4 66. Rd8+ Kc5 67. Rc8+ Kd6 68.
Rd8+ Ke7 69. Rd3 e2+ 70. Ke1 a3 71. Rd5 Rb2 72. Ra5 a2 73. Kf2 e1=Q+ 74.
Kxe1 Rb1+ 75. Kd2 a1=Q 76. Rd5 Rd1+ 77. Kc2 Rxd5 78. Kb3 Rb5+ 79. Kc4 Qa4+
{ White resigns } 0-1

[Event "ICC tourney 2416 (40 10)"]
[Site "Internet Chess Club"]
[Date "2021.02.28"]
[Round "2"]
[White "BRAHMANAPALLY, SARVAGNYA:bsarvagnya"]
[Black "WU, JONATHAN ZUANXU:wulovechess"]
[Result "1-0"]
[ICCResult "Black checkmated"]
[WhiteElo "1357"]
[BlackElo "1542"]
[Opening "Giuoco Pianissimo: Canal variation"]
[ECO "C47"]
[NIC "RG.01"]
[Time "13:17:12"]
[PlyCount "31"]
[TimeControl "2400+10"]

1. e4 e5 2. Nf3 Nf6 3. Nc3 Nc6 4. Bc4 Bc5 5. d3 d6 6. Bg5 O-O 7. Nd5 Bg4 8.
Bxf6 gxf6 9. Qd2 Bh5 10. Qh6 Bg6 11. Nh4 Nd4 12. Nxg6 Nxc2+ 13. Kd1 Nxa1
14. Nxf8 Qxf8 15. Nxf6+ Kh8 16. Qxh7# { Black checkmated } 1-0

[Event "ICC tourney 2416 (40 10)"]
[Site "Internet Chess Club"]
[Date "2021.02.28"]
[Round "2"]
[White "PEYTON, NATHAN MAX:ToughTurtle"]
[Black "Xia, Joshua:MathMonkey"]
[Result "0-1"]
[ICCResult "White checkmated"]
[WhiteElo "1506"]
[BlackElo "1332"]
[Opening "Four knights: Marshall variation"]
[ECO "C48"]
[NIC "KP.03"]
[Time "13:16:20"]
[PlyCount "70"]
[TimeControl "2400+10"]

1. e4 e5 2. Nf3 Nc6 3. Nc3 Nf6 4. Bb5 Bc5 5. O-O O-O 6. Nxe5 Nd4 7. Bc4 d6
8. Nd3 Bg4 9. Qe1 Nxc2 10. Nxc5 dxc5 11. f3 Nxe1 12. Rxe1 Qd4+ 13. Kh1 Qxc4
14. fxg4 Nxg4 15. h3 Nf2+ 16. Kg1 Qd4 17. Re3 Nd3 18. Nb5 Qc4 19. Nc3 Nxc1
20. Rxc1 Qd4 21. Rd1 c6 22. Kf2 Rfe8 23. Ke2 Rad8 24. d3 f5 25. g3 fxe4 26.
dxe4 Qc4+ 27. Kf3 Rxd1 28. Nxd1 Qf1+ 29. Nf2 Rf8+ 30. Kg4 Qxf2 31. Rc3 Qe2+
32. Kh4 Qxe4+ 33. g4 Qe1+ 34. Kh5 g6+ 35. Kh6 Qh4# { White checkmated } 0-1

[Event "ICC tourney 2416 (40 10)"]
[Site "Internet Chess Club"]
[Date "2021.02.28"]
[Round "2"]
[White "ZOU, KEVIN GAOMING:lmperfectFocus"]
[Black "LEWIS, FRANKLIN PHILLIP:Frankiechess11"]
[Result "1-0"]
[ICCResult "Black resigns"]
[WhiteElo "1582"]
[BlackElo "1712"]
[Opening "Giuoco Pianissimo"]
[ECO "C55"]
[NIC "IG.01"]
[Time "13:16:52"]
[PlyCount "52"]
[TimeControl "2400+10"]

1. e4 e5 2. Nf3 Nc6 3. Bc4 Nf6 4. d3 Bc5 5. c3 O-O 6. O-O d6 7. Re1 Bg4 8.
Nbd2 d5 9. exd5 Nxd5 10. h3 Bxf3 11. Nxf3 Nb6 12. Bb5 Re8 13. Bxc6 bxc6 14.
Nxe5 Qd5 15. d4 Rad8 16. Bg5 f6 17. dxc5 Rxe5 18. Qxd5+ Rexd5 19. cxb6 fxg5
20. bxc7 Rc8 21. Re7 Rf5 22. Rd1 Rff8 23. Rdd7 Kh8 24. Rxg7 Rfe8 25. Rxh7+
Kg8 26. Rhg7+ Kh8 { Black resigns } 1-0

[Event "ICC tourney 2416 (40 10)"]
[Site "Internet Chess Club"]
[Date "2021.02.28"]
[Round "2"]
[White "KURBANOV, ABROR:Abror"]
[Black "HEBBAR, ESHAAN:solveur"]
[Result "1-0"]
[ICCResult "Black checkmated"]
[WhiteElo "1635"]
[BlackElo "1560"]
[Opening "Scotch gambit"]
[ECO "C44"]
[NIC "SO.06"]
[Time "13:16:46"]
[PlyCount "103"]
[TimeControl "2400+10"]

1. e4 e5 2. d4 exd4 3. Nf3 Nc6 4. Bc4 Bb4+ 5. c3 dxc3 6. bxc3 Ba5 7. O-O
Nge7 8. Ng5 Ne5 9. Nxf7 Nxf7 10. Bxf7+ Kxf7 11. Qh5+ g6 12. Qxa5 c6 13. Qe5
b6 14. Bg5 h6 15. Qf6+ Kg8 16. Qxe7 Qxe7 17. Bxe7 Ba6 18. Rd1 Kf7 19. Bd6
Rhe8 20. e5 c5 21. Nd2 Bd3 22. Nf1 Be2 23. Rd2 Bb5 24. Ne3 Bc6 25. h3 Ke6
26. c4 h5 27. Nd5 Bxd5 28. cxd5+ Kf5 29. Re1 Rac8 30. Re3 g5 31. Kf1 g4 32.
h4 b5 33. Ra3 c4 34. Rxa7 c3 35. Rc2 Ke4 36. Ke2 Kd4 37. Rxd7 Kxd5 38. Rc7
Rcd8 39. R7xc3 Ke4 40. Re3+ Kf5 41. Rb2 Ra8 42. a3 Ra5 43. Bc7 Ra7 44. Bb6
Ra6 45. Rxb5 Re6 46. Bc5 Ra8 47. Bd6 Ra4 48. Rb8 Rc4 49. Rg8 Rc2+ 50. Kd3
Rc1 51. Rg5+ Kf4 52. g3# { Black checkmated } 1-0

[Event "ICC tourney 2416 (40 10)"]
[Site "Internet Chess Club"]
[Date "2021.02.28"]
[Round "2"]
[White "Kannan, Aadhi M:niftyfountain"]
[Black "WU, WENTAO:Threehundreds"]
[Result "1/2-1/2"]
[ICCResult "Game drawn by mutual agreement"]
[WhiteElo "1330"]
[BlackElo "1439"]
[Opening "Scotch: Potter variation"]
[ECO "C45"]
[NIC "SO.05"]
[Time "13:17:12"]
[PlyCount "54"]
[TimeControl "2400+10"]

1. e4 e5 2. Nf3 Nc6 3. d4 exd4 4. Nxd4 Bc5 5. Nb3 Bb6 6. Nc3 Nge7 7. Qe2 d6
8. Be3 Bxe3 9. Qxe3 Be6 10. Nd4 Nxd4 11. Qxd4 O-O 12. Bd3 Nc6 13. Qe3 Nb4
14. O-O h6 15. a3 Nc6 16. Rad1 a6 17. Kh1 Qe7 18. f3 Rfe8 19. Qf2 Ne5 20.
Qe2 Rad8 21. Rfe1 Nxd3 22. Qxd3 f6 23. Nd5 Qf7 24. b3 Bxd5 25. Qxd5 Qxd5
26. Rxd5 Re5 27. Red1 Rxd5 { Game drawn by mutual agreement } 1/2-1/2